 Dungeon Crawl Stone Soup version 0.29.1-14-g9c671dbff4 (webtiles) character file.

Game seed: 8549822587046000036

4132 fleeber the Carver (level 10, 0/77 HPs)
             Began as a Merfolk Gladiator on Feb 20, 2023.
             Was a Follower of Qazlal.
             Succumbed to a hornet's poison
             ... on level 9 of the Dungeon.
             The game lasted 00:38:39 (13086 turns).

fleeber the Carver (Merfolk Gladiator)             Turns: 13086, Time: 00:38:40

Health: 0/77       AC: 10    Str: 15    XL:     10   Next: 27%
Magic:  16/16      EV: 17    Int:  6    God:    Qazlal [*.....]
Gold:   929        SH:  1    Dex: 19    Spells: 15/17 levels left

rFire   + + .      SeeInvis .   a - +0 long sword
rCold   . . .      Faith    .   (no shield)
rNeg    + + .      Spirit   .   y - +1 leather armour of Daroc {rF++ rN++ Int-2}
rPois   .          Reflect  .   c - +2 helmet
rElec   .          Harm     .   (no cloak)
rCorr   .          Rampage  .   h - +2 pair of gloves
Will    .....                   (no boots)
Stlth   +.........              (no amulet)
HPRegen 0.22/turn               (no ring)
MPRegen 0.15/turn               (no ring)

@: lethally poisoned (0 -> -19), slowed, very slow
A: (nimble swimmer 2), mertail
a: Renounce Religion


You were on level 9 of the Dungeon.
You worshipped Qazlal.
Qazlal was aware of your devotion.
You visited 2 branches of the dungeon, and saw 10 of its levels.
You also visited: Sewer.

You collected 929 gold pieces.

Inventory:

Hand Weapons
 a - a +0 long sword (weapon)
Missiles
 d - 3 throwing nets
 e - 3 javelins (quivered)
 w - 2 atropa-tipped darts
 x - 5 poisoned darts
Armour
 c - a +2 helmet (worn)
 h - a +2 pair of gloves (worn)
 y - the +1 leather armour of Daroc (worn) {rF++ rN++ Int-2}
   (You found it on level 4 of the Dungeon)

   Int:       It affects your intelligence (-2).
   rF:        It greatly protects you from fire.
   rN:        It greatly protects you from negative energy.
Wands
 s - a wand of flame (11)
 A - a wand of mindburst (46)
Scrolls
 k - 2 scrolls of fear
 m - a scroll of blinking
 r - a scroll of teleportation
 u - 2 scrolls of brand weapon {unknown}
 B - a scroll of poison {unknown}
 C - a scroll of enchant weapon {unknown}
 D - 2 scrolls of noise {unknown}
 F - 2 scrolls of summoning {unknown}
 G - 3 scrolls of magic mapping
Potions
 b - 2 potions of lignification {unknown}
 f - a potion of magic
 g - 2 potions of brilliance
 i - a potion of haste
 j - 4 potions of mutation
 l - 5 potions of attraction
 n - a potion of berserk rage {unknown}
 p - a potion of degeneration {unknown}
 q - a potion of ambrosia
 t - 2 potions of cancellation {unknown}
 v - a potion of resistance {unknown}
 z - a potion of heal wounds
 E - 2 potions of invisibility {unknown}
 I - a potion of might {unknown}


   Skills:
 + Level 6.7 Fighting
 * Level 10.4 Long Blades
 + Level 6.0 Throwing
 + Level 8.6 Dodging
 - Level 4.0 Spellcasting
 - Level 2.1 Translocations
 + Level 4.9 Transmutations


You had 15 spell levels left.
You knew the following spells:

 Your Spells              Type           Power      Damage    Failure   Level
a - Wereblood             Tmut           7%         N/A       9%          2

Your spell library contained the following spells:

 Spells                   Type           Power      Damage    Failure   Level
 Beastly Appendage        Tmut           14%        N/A       5%          1
 Sting                    Tmut/Pois      16%        1d3       16%         1
 Foxfire                  Conj/Fire      4%         2x1d4     38%         1
 Magic Dart               Conj           4%         1d3       38%         1
 Shock                    Conj/Air       4%         1d3       38%         1
 Spider Form              Tmut/Pois      4%         N/A       41%         3
 Poisonous Vapours        Pois/Air       2%         N/A       52%         2
 Searing Ray              Conj           2%         2d4       52%         2
 Static Discharge         Conj/Air       1%         3-4/arc   52%         2
 Conjure Flame            Conj/Fire      1%         6-21      77%         3
 Inner Flame              Hex/Fire       1%         N/A       77%         3
 Ozocubu's Armour         Ice            1%         N/A       77%         3
 Swiftness                Air            1%         N/A       77%         3
 Airstrike                Air            0%         2d(1-17)  99%         4
 Dispel Undead            Necr           1%         3d6       99%         4
 Flame Wave               Conj/Fire      1%         2d4       99%         4
 Fulminant Prism          Conj/Hex       0%         3d6       99%         4
 Olgreb's Toxic Radiance  Pois           1%         N/A       99%         4
 Sticky Flame             Conj/Fire      1%         2d3       99%         4
 Ozocubu's Refrigeration  Ice            0%         4d7       100%        7


Dungeon Overview and Level Annotations

Branches:
Dungeon (9/15)             Temple (1/1) D:7           Sewer (visited)
   Lair: D:8-11         Orc: D:9-12

Altars:
Ashenzari
Cheibriados
Dithmenos
Elyvilon
Fedhas
Gozag
Hepliaklqana
Kikubaaqudgha
Makhleb
Nemelex Xobeh
Okawaru
Qazlal
Ru
Sif Muna
Trog
Uskayaw
Vehumet
Wu Jian
Xom
Yredelemnul
Zin
The Shining One

Annotations:
D:4 exclusion: downstairs
D:5 Sigmund


Innate Abilities, Weirdness & Mutations

((You are very nimble when in or above water. (Stealth+, EV+, Speed+++)))
Your lower body shifts to a powerful aquatic tail in water.


Message History

* * * LOW HITPOINT WARNING * * *
You feel very sick. The hornet stings you!
* * * LOW HITPOINT WARNING * * *
You feel as though you will be slow longer.
You can move again.
You feel better. The hornet misses you. The hornet stings you.
* * * LOW HITPOINT WARNING * * *
You are lethally poisoned!
You feel as though you will be slow longer.
The hornet stings you.
* * * LOW HITPOINT WARNING * * *
You are more poisoned.
You feel as though you will be slow longer.
You feel better. The hornet barely misses you.
The hornet completely misses you.
You closely miss the hornet.
The hornet is severely wounded.
The hornet closely misses you. The hornet stings you.
* * * LOW HITPOINT WARNING * * *
You are poisoned.
You suddenly lose the ability to move!
You can move again.
You hit the hornet but do no damage.
The hornet is severely wounded.
* * * LOW HITPOINT WARNING * * *
You feel very sick. The hornet closely misses you. The hornet misses you.
You hit the hornet.
The hornet is severely wounded.
You feel sick.
The hornet stings you but does no damage.
The hornet stings you.
* * * LOW HITPOINT WARNING * * *
You are more poisoned.
You feel as though you will be slow longer.
Blink to where?
Press: ? - help, Dir - move target, p - hornet
As you read the scroll of blinking, it crumbles to dust.
You die...

###############.
###...............
#>..#############.
#.### #. #.# #. #.#
#.
#.###############.
#...............'.
##@###############.
#...§y..(>.........
#..################
#... .......# #...
#....... #...#
#....... #...#
#....... #...#
#....... #..
#.......


You could see a hornet.

Vanquished Creatures
  A two-headed ogre (D:9)
  2 wyverns
  5 orc warriors
  2 ogres
  A black bear (D:5)
  2 centaurs
  A phantom (D:4)
  5 bullfrogs
  3 necrophages
  2 scorpions
  3 wights (D:8)
  9 killer bees
  A gnoll bouda (D:7)
  2 orc priests
  4 hounds
  Jessica (D:2)
  3 iguanas (D:6)
  Natasha (thrice) (D:2)
  7 orc wizards
  Robin (D:2)
  2 gnolls
  27 adders
  8 river rats (Sewer)
  A shadow imp (D:8)
  5 white imps
  An ufetubus (D:5)
  A worm (D:3)
  A dart slug (D:2)
  36 orcs
  7 endoplasms
  5 giant cockroaches
  17 goblins
  11 hobgoblins
  3 jackals (D:4)
  A quokka (D:1)
  12 ball pythons
  3 bats (D:1)
  4 frilled lizards
  8 kobolds
  20 rats
231 creatures vanquished.

Vanquished Creatures (others)
  5 plants
5 creatures vanquished.

Grand Total: 236 creatures vanquished

Notes
Turn   | Place    | Note
-------+----------+-------------------------------------------
     0 | D:1      | fleeber the Merfolk Gladiator began the quest for the Orb.
     0 | D:1      | Reached XP level 1. HP: 16/16 MP: 1/1
   252 | D:1      | Reached XP level 2. HP: 21/23 MP: 2/2
   305 | D:1      | Reached skill level 4 in Long Blades
   487 | D:1      | Reached XP level 3. HP: 4/28 MP: 3/3
   899 | D:1      | Found a faded altar of an unknown god.
  1200 | D:2      | Noticed Jessica
  1212 | D:2      | Killed Jessica
  1213 | D:2      | Reached XP level 4. HP: 29/34 MP: 4/4
  1495 | D:2      | Noticed Natasha
  1502 | D:2      | Killed Natasha
  1503 | D:2      | Reached skill level 5 in Long Blades
  1503 | D:2      | Reached XP level 5. HP: 33/41 MP: 5/5
  1726 | D:2      | Noticed Natasha
  1741 | D:2      | Killed Natasha
  2215 | D:2      | Reached skill level 5 in Dodging
  2524 | D:3      | Learned a level 2 spell: Wereblood
  2644 | D:3      | Noticed Robin
  2660 | D:2      | Noticed Natasha
  2661 | D:2      | Killed Robin
  2668 | D:2      | Killed Natasha
  2669 | D:2      | Reached XP level 6. HP: 17/47 MP: 6/6
  3175 | D:3      | Found a blossoming altar of Fedhas.
  3564 | D:4      | Reached skill level 6 in Long Blades
  3564 | D:4      | Reached skill level 1 in Spellcasting
  4024 | D:4      | Reached skill level 1 in Translocations
  4024 | D:4      | Reached XP level 7. HP: 30/53 MP: 8/8
  4440 | D:4      | Identified the +1 leather armour of Daroc {rF++ rN++ Int-2}
  4502 | D:4      | Found an opulent altar of Gozag.
  4503 | D:4      | Found a glowing silver altar of Zin.
  4900 | D:5      | Entered Level 5 of the Dungeon
  5450 | D:5      | Found a glowing drain.
  5660 | Sewer    | Entered a sewer
  5746 | Sewer    | Reached skill level 7 in Long Blades
  5937 | Sewer    | Reached XP level 8. HP: 44/61 MP: 10/10
  6820 | D:5      | Noticed Sigmund
  6917 | D:5      | Found a basalt altar of Yredelemnul.
  7029 | D:6      | Identified a scroll of acquirement
  7030 | D:6      | Acquired 518 gold pieces
  7296 | D:6      | Reached skill level 5 in Fighting
  7296 | D:6      | Reached skill level 1 in Transmutations
  7697 | D:6      | Reached skill level 8 in Long Blades
  8192 | D:6      | Reached XP level 9. HP: 61/68 MP: 13/13
  8450 | D:7      | Found a shimmering altar of Xom.
  8451 | D:7      | Found a sparkling altar of Nemelex Xobeh.
  8633 | D:7      | Noticed a hornet
  8704 | D:7      | Found a shimmering blue altar of Sif Muna.
  8706 | D:7      | Found a hazy altar of Hepliaklqana.
  8746 | D:7      | Found a staircase to the Ecumenical Temple.
  8990 | D:6      | Reached skill level 5 in Throwing
  9281 | D:7      | Reached skill level 9 in Long Blades
  9525 | Temple   | Entered the Ecumenical Temple
  9645 | Temple   | Became a worshipper of Qazlal Stormbringer
 10177 | D:7      | Paralysed by a hornet for 3 turns
 11006 | D:8      | Reached * piety under Qazlal
 12678 | D:9      | Noticed a two-headed ogre
 12797 | D:9      | Reached XP level 10. HP: 33/77 MP: 14/16
 12803 | D:9      | Reached skill level 10 in Long Blades
 12985 | D:9      | Killed a two-headed ogre
 13078 | D:9      | Paralysed by a hornet for 3 turns
 13080 | D:9      | HP: 3/77 [hornet (10)]
 13083 | D:9      | Paralysed by a hornet for 1 turns
 13086 | D:9      | Succumbed to a hornet's poison

Illustrated notes

Levels and vault maps discovered:
D:1:      onia_arrival_mini_spirals, layout_rooms,
          shapermc_ecumenical_altar_notcrosses
D:2:      layout_basic, uniq_jessica, uniq_natasha
D:3:      layout_rooms, fedhas_altar_1, uniq_robin
D:4:      layout_basic, grunt_temple_overflow_gold_and_silver, minivault_23,
          chequers_decorated_corner, cheibrodos_gnoll_hut
D:5:      layout_cave_pools, mainiacjoe_overflow_cross_hatched,
          gup_sewer_entry_glass, sigmund_edmund_badplayer
D:6:      layout_basic
D:7:      layout_loops_ring, nicolae_overflow_hidden_temple,
          minmay_temple_entry_gardened_gates, serial_glass, glass_columns_c,
          glass_columns_a, minmay_checkerbox
D:8:      layout_basic
D:9:      layout_basic, minivault_14
Temple:   compressed_dpeg_circular_temple

Skill      XL: |  1  2  3  4  5  6  7  8  9 10 |
---------------+-------------------------------+-----
Long Blades    | 4 5 6 7 8 9 10 | 10.4
Fighting       | 3 4 5 6 |  6.7
Dodging        | 5 6 7 8 |  8.6
Throwing       | 3 4 5 6 |  6.0
Spellcasting   | 1 3 4 |  4.0
Translocations | 1 2 |  2.1
Transmutations | 2 4 |  4.9

Action                   |  1- 3 |  4- 6 |  7- 9 | 10-12 || total
-------------------------+-------+-------+-------+-------++-------
Melee: Long sword        |    63 |   199 |   624 |    38 ||   924
       Punch             |     1 |     1 |     5 |       ||     7
       Tailslap          |       |       |     8 |       ||     8
Throw: Javelin           |       |     2 |     2 |     3 ||     7
       Dart              |       |       |     1 |     1 ||     2
 Cast: Wereblood         |       |       |     6 |       ||     6
Evoke: Wand              |       |       |     1 |     3 ||     4
  Use: Scroll            |       |       |    17 |     1 ||    18
       Potion            |       |       |     9 |     2 ||    11
 Stab: Distracted        |       |       |     1 |       ||     1
       Sleeping          |       |       |     1 |       ||     1
Armor: Leather armour    |     7 |       |   186 |    11 ||   204
       Ring mail         |     9 |    73 |     1 |       ||    83
Dodge: Dodged            |    52 |   155 |   538 |    39 ||   784
Block: Other             |       |       |     1 |       ||     1
